 Dungeon Sprint DCSS version 0.30.1-4-g462c640d31 (webtiles) character file.

Game seed: 4132273518756954572

9979 Heoruswealwe the Ninja (level 11, -13/60 HPs)
             Began as a Spriggan Artificer on Aug 30, 2023.
             Was an Initiate of Gozag.
             Mangled by a lorocyproca (30 damage)
             ... in the Dungeon (Sprint I: "Red Sonja").
             The game lasted 00:28:45 (1581 turns).

Heoruswealwe the Ninja (Spriggan Artificer)         Turns: 1581, Time: 00:28:45

Health: -13/60     AC:  4    Str:  8    XL:     11   Next: 30%
Magic:  1/12       EV: 28    Int: 11    God:    Gozag
Gold:   562        SH:  0    Dex: 20    Spells: 10/10 levels left

rFire   . . .        a - +0 rapier (flame)
rCold   . . .        (no shield)
rNeg    + . .        c - +2 robe {rN+}
rPois   .            (helmet restricted)
rElec   .            h - scarf {repulsion}
rCorr   .            (gloves unavailable)
SInv    +            (boots unavailable)
Will    ++...        (no amulet)
Stlth   ++++++++++   k - ring of willpower
HPRegen 0.30/turn    j - ring of flight
MPRegen 0.13/turn

%: no teleportation, repel missiles
@: flying, very quick
A: very small, no large weapons, unfitting armour, see invisible, speed 3, dopey
1
a: Renounce Religion, Potion Petition, Call Merchant, Bribe Branch


You were in the Dungeon.
You worshipped Gozag.
Gozag was pleased with you.
You visited 1 branch You collected 3267 gold pieces.
You spent 1201 gold pieces at shops.
You donated 35 gold pieces to Zin.
You paid 1469 gold pieces to Gozag.

Inventory:

Hand Weapons
 a - a +0 rapier of flaming (weapon)
Armour
 c - a +2 robe of positive energy (worn)
 h - a scarf of repulsion (worn)
Jewellery
 j - a ring of flight (right hand)
 k - a ring of willpower (left hand)
Wands
 d - a wand of charming (11)
Scrolls
 m - a scroll of blinking
 n - a scroll of silence
 q - a scroll of summoning
Potions
 e - 2 potions of haste
 f - 4 potions of curing
 g - 2 potions of mutation
 i - a potion of invisibility
 p - a potion of cancellation
 t - a potion of resistance


   Skills:
 + Level 8.2 Fighting
 + Level 10.6 Short Blades
 + Level 12.9 Dodging
 O Level 27 Stealth
 * Level 17.4 Evocations


You had 10 spell levels left.
You didn't know any spells.
Your spell library was empty.

Dungeon Overview and Level Annotations

Branches:
Dungeon (1/1)

Altars:
Cheibriados
Dithmenos
Elyvilon
Fedhas
Gozag
Hepliaklqana
Kikubaaqudgha
Makhleb
Nemelex Xobeh
Okawaru
Qazlal
Ru
Sif Muna
Trog
Uskayaw
Vehumet
Wu Jian
Xom
Yredelemnul
Zin
The Shining One
Jiyva
Lugonu

Shops:
D *?*[([[*(?!*[?(!*==!*[(


Innate Abilities, Weirdness & Mutations

You are very small and have problems with some larger weapons.
You are too small for most types of armour.
You have supernaturally acute eyesight. (SInv)
You cover ground extremely quickly. (Speed+++)
You are dopey. (Int -2)


Message History

Aim: a lorocyproca (lightly wounded, slightly transparent, 72% to hit)
The puff of flame hits the lorocyproca.
The lorocyproca resists.
The lorocyproca is moderately wounded.
The lorocyproca hits you!
You feel your power leaking away.
Aiming: Throw Flame
Press: ? - help, Shift-Dir - straight line, f/p - lorocyproca
Aim: a lorocyproca (moderately wounded, slightly transparent, 72% to hit)
The puff of flame hits the lorocyproca.
The lorocyproca resists.
The lorocyproca is moderately wounded.
The lorocyproca hits you.
Aiming: Throw Flame
Press: ? - help, Shift-Dir - straight line, f/p - lorocyproca
Aim: a lorocyproca (moderately wounded, slightly transparent, 72% to hit)
The puff of flame hits the lorocyproca but does no damage.
The lorocyproca is moderately wounded.
The now-empty wand crumbles to dust.
The lorocyproca hits you!
* * * LOW HITPOINT WARNING * * *
You puncture the lorocyproca! You burn the lorocyproca.
The lorocyproca is moderately wounded.
The lorocyproca hits you but does no damage.
You puncture the lorocyproca! You burn the lorocyproca.
The lorocyproca is heavily wounded.
The lorocyproca completely misses you.
You hit the lorocyproca but do no damage.
The lorocyproca is heavily wounded.
You completely miss the lorocyproca.
The lorocyproca is heavily wounded.
The lorocyproca misses you.
You hit the lorocyproca but do no damage.
The lorocyproca is heavily wounded.
The lorocyproca closely misses you.
You hit the lorocyproca.
The lorocyproca is heavily wounded.
You closely miss the lorocyproca.
The lorocyproca is heavily wounded.
The lorocyproca hits you!!
Ouch! That really hurt!
You die...
Your body crumbles into a pile of gold.

##############*******************
#__#..'..[#?.#,$$,+,,,,,,+,$*,,+$
'..'..#...##'#$###*,,,,,**$,+,,*$
#__####[..'..#$#@###,,,*******+*$
####§§#####..+$#2#$###+*,,$**,,*$
#~§§§)#..##+####..$#y#,**$$$*,,**
+§§~§.+..#°....#..$###,,***$*,,~*
#~§§.§#..#○....+..$$$#*,*,*$*,,~,
##+#####'###○)○#.....#,,***$*,,~,
#.[).###.+.#○..###++##,**,,$*,,~*
##'###[###.#○.##*,,***,,*+***,,~*
.....'[∩##.#..#***$$***,,,*,~,,**


You could see a lorocyproca (invisible).

Vanquished Creatures
  2 centaur warriors (D)
  Sonja (D)
  A deep troll (D)
  8 shining eyes (D)
  An oklob plant (D)
  A gargoyle (D)
  2 demonic crawlers (D)
  2 unseen horrors (D)
  2 kobold demonologists (D)
  A hornet (D)
  A slime creature (D)
  Sigmund (D)
  A yak (D)
  2 redbacks (D)
  6 floating eyes (D)
  An ogre (D)
  7 necrophages (D)
  8 jellies (D)
  Ijyb (D)
  A ballistomycete spore (D)
50 creatures vanquished.

Vanquished Creatures (others)
  A demonic crawler (D)
  A ballistomycete spore (D)
2 creatures vanquished.

Grand Total: 52 creatures vanquished

Notes
Turn   | Place    | Note
-------+----------+-------------------------------------------
     0 | D        | Heoruswealwe the Spriggan Artificer began the quest for the
                  | Orb.
     0 | D        | Reached XP level 1. HP: 9/9 MP: 2/2
     1 | D        | Noticed Ijyb
     5 | D        | Killed Ijyb
     6 | D        | Reached skill level 8 in Stealth
     6 | D        | Reached XP level 2. HP: 14/14 MP: 3/3
    34 | D        | Noticed an ogre
    37 | D        | Killed an ogre
    38 | D        | Reached skill level 13 in Stealth
    38 | D        | Reached XP level 3. HP: 17/17 MP: 4/4
    38 | D        | Reached XP level 4. HP: 21/21 MP: 5/5
    47 | D        | Noticed Sigmund
    50 | D        | Killed Sigmund
    51 | D        | Reached skill level 18 in Stealth
    51 | D        | Reached XP level 5. HP: 25/25 MP: 6/6
    62 | D        | Found an ornate altar of the Wu Jian Council.
    62 | D        | Found a shimmering blue altar of Sif Muna.
    64 | D        | Found a radiant altar of Vehumet.
    69 | D        | Reached XP level 6. HP: 29/29 MP: 7/7
    92 | D        | Found Heumatif's Antique Armour Emporium.
    92 | D        | Found an ancient bone altar of Kikubaaqudgha.
    92 | D        | Found a hazy altar of Hepliaklqana.
    92 | D        | Found a stormy altar of Qazlal.
    92 | D        | Found a hide-covered altar of Uskayaw.
    92 | D        | Found a blossoming altar of Fedhas.
    92 | D        | Found a bloodstained altar of Trog.
    92 | D        | Found an iron altar of Okawaru.
    92 | D        | Found a basalt altar of Yredelemnul.
    92 | D        | Found a glowing golden altar of the Shining One.
    92 | D        | Found a snail-covered altar of Cheibriados.
    92 | D        | Found a sacrificial altar of Ru.
    92 | D        | Found a glowing silver altar of Zin.
    92 | D        | Found a shadowy altar of Dithmenos.
    92 | D        | Found a white marble altar of Elyvilon.
    92 | D        | Noticed a yak
    93 | D        | Found an opulent altar of Gozag.
    94 | D        | Killed a yak
    95 | D        | Reached skill level 21 in Stealth
    95 | D        | Found a sparkling altar of Nemelex Xobeh.
   100 | D        | Became a worshipper of Zin the Law-Giver
   100 | D        | Reached * piety under Zin
   100 | D        | Reached ** piety under Zin
   100 | D        | Reached *** piety under Zin
   100 | D        | Reached **** piety under Zin
   100 | D        | Reached ***** piety under Zin
   100 | D        | Reached ****** piety under Zin
   109 | D        | Noticed Sonja
   113 | D        | Killed Sonja
   114 | D        | Reached skill level 25 in Stealth
   114 | D        | Reached XP level 7. HP: 32/32 MP: 8/8
   130 | D        | Found Raud's Assorted Antiques.
   138 | D        | Bought a scroll labelled JITHISILUC for 31 gold pieces
   141 | D        | Noticed a shining eye
   141 | D        | Noticed a shining eye
   141 | D        | Noticed a shining eye
   141 | D        | Noticed a shining eye
   141 | D        | Noticed a shining eye
   141 | D        | Noticed a shining eye
   147 | D        | Paralysed by a floating eye for 3 turns
   152 | D        | Reached XP level 8. HP: 37/37 MP: 9/9
   152 | D        | Paralysed by a floating eye for 2 turns
   162 | D        | Paralysed by a floating eye for 3 turns
   166 | D        | Paralysed by a floating eye for 2 turns
   167 | D        | Killed a shining eye
   168 | D        | Reached skill level 26 in Stealth
   170 | D        | Paralysed by a floating eye for 4 turns
   177 | D        | Paralysed by a floating eye for 3 turns
   183 | D        | Paralysed by a floating eye for 4 turns
   188 | D        | Paralysed by a floating eye for 2 turns
   190 | D        | Killed a shining eye
   191 | D        | Reached skill level 27 in Stealth
   191 | D        | Reached skill level 5 in Evocations
   191 | D        | Paralysed by a floating eye for 4 turns
   198 | D        | Reached skill level 5 in Dodging
   214 | D        | Killed a shining eye
   215 | D        | Reached XP level 9. HP: 44/44 MP: 10/10
   231 | D        | Killed a shining eye
   232 | D        | Reached skill level 5 in Short Blades
   234 | D        | Noticed a shining eye
   234 | D        | Noticed a shining eye
   242 | D        | Reached skill level 10 in Evocations
   249 | D        | Killed a shining eye
   250 | D        | Killed a shining eye
   251 | D        | Reached skill level 5 in Fighting
   277 | D        | Killed a shining eye
   278 | D        | Reached XP level 10. HP: 51/51 MP: 11/11
   278 | D        | Killed a shining eye
   281 | D        | Found Yshios's Magic Scroll Shoppe.
   281 | D        | Found Luakul's Antique Weapon Shop.
   281 | D        | Found Rouz's Assorted Antiques.
   281 | D        | Found Zimunno's Armour Boutique.
   288 | D        | Bought a scroll labelled VOGUX ASHREAGA for 31 gold pieces
   288 | D        | Bought a scroll labelled YNE WOC MUBER for 31 gold pieces
   288 | D        | Bought an inky potion for 27 gold pieces
   320 | D        | Fell from the grace of Zin
   320 | D        | Became a worshipper of Gozag Ym Sagoz the Greedy
   421 | D        | Noticed a deep troll
   435 | D        | Killed a deep troll
   436 | D        | Reached skill level 10 in Dodging
   455 | D        | Found Xenkobes's Armour Emporium.
   490 | D        | Found a burning altar of Makhleb.
   490 | D        | Found a viscous altar of Jiyva.
   490 | D        | Found a shimmering altar of Xom.
   490 | D        | Found a corrupted altar of Lugonu.
   548 | D        | Noticed a centaur warrior
   549 | D        | Noticed a centaur warrior
   552 | D        | Killed a centaur warrior
   554 | D        | Killed a centaur warrior
   555 | D        | Reached skill level 15 in Evocations
   592 | D        | Noticed an oklob plant
   662 | D        | Killed an oklob plant
   692 | D        | Reached XP level 11. HP: 37/58 MP: 12/12
   794 | D        | Reached skill level 10 in Short Blades
   899 | D        | Identified the +2 pair of boots of Dogmatism {Rampage rF+}
   910 | D        | Found Qufympup's Assorted Antiques.
   910 | D        | Found Xitiwenk's Antique Armour Shop.
   910 | D        | Found Itwux's Weapon Boutique.
   916 | D        | Found Fainih's Distillery.
   916 | D        | Found Ewumoum's Antique Weapon Emporium.
   916 | D        | Found Viofea Ilosh's General Store.
   994 | D        | Found Jiuj's Jewellery Boutique.
   994 | D        | Found Ruenioc's Jewellery Shoppe.
   994 | D        | Found Siubo's General Store.
   994 | D        | Found Gatutt's Distillery.
   994 | D        | Found Vod Yxyu's Weapon Boutique.
   994 | D        | Found Longymp's Armour Shoppe.
   994 | D        | Found Urykim's Distillery.
   998 | D        | Found Sacvuomm's Magic Scroll Emporium.
  1008 | D        | Bought a runed garnet ring for 115 gold pieces
  1008 | D        | Bought a viscous amethyst potion for 20 gold pieces
  1008 | D        | Bought a scroll labelled VOGUX ASHREAGA for 23 gold pieces
  1015 | D        | Bought a scroll labelled ESTUDA TINUM for 24 gold pieces
  1015 | D        | Bought a blackened bone wand for 96 gold pieces
  1015 | D        | Bought an amethyst potion for 21 gold pieces
  1015 | D        | Bought a scroll labelled VYINGE YCVIVU for 24 gold pieces
  1015 | D        | Bought an emerald potion for 21 gold pieces
  1022 | D        | Bought a +0 rapier for 56 gold pieces
  1037 | D        | Bought a scroll of identify for 20 gold pieces
  1037 | D        | Bought a scroll of identify for 20 gold pieces
  1037 | D        | Bought a scroll of identify for 20 gold pieces
  1037 | D        | Bought a scroll of identify for 20 gold pieces
  1066 | D        | Bought a scroll of magic mapping for 112 gold pieces
  1087 | D        | Bought an embroidered robe for 70 gold pieces
  1129 | D        | Bought a scarf of repulsion for 144 gold pieces
  1140 | D        | Bought a scroll of identify for 20 gold pieces
  1140 | D        | Bought a ring of flight for 175 gold pieces
  1174 | D        | Bought a scroll of identify for 26 gold pieces
  1174 | D        | Bought a scroll of identify for 26 gold pieces
  1221 | D        | Bought a scroll of identify for 28 gold pieces
  1231 | D        | Gained mutation: You are dopey. (Int -2) [potion of
                  | mutation]
  1553 | D        | Noticed a lorocyproca
  1581 | D        | Mangled by a lorocyproca

Illustrated notes

Levels and vault maps discovered:
D:        dungeon_sprint_1 [red_sonja_temple_1, red_sonja_temple_small_1]

Skill      XL: |  1  2  3  4  5  6  7  8  9 10 11 |
---------------+----------------------------------+-----
Stealth        | 8 13 18 25 27 | 27.0
Fighting       | 3 5 7 8 |  8.2
Short Blades   | 4 7 9 10 | 10.6
Dodging        | 6 9 11 12 | 12.9
Evocations     | 8 12 16 17 | 17.4

Action                     |  1- 3 |  4- 6 |  7- 9 | 10-12 || total
---------------------------+-------+-------+-------+-------++-------
  Melee: Dagger            |     1 |     4 |    97 |    40 ||   142
         Punch             |       |       |     3 |       ||     3
         Rapier            |       |       |       |    22 ||    22
 Invoke: Call Merchant     |       |       |       |     2 ||     2
  Evoke: Wand              |     4 |       |       |    45 ||    49
    Use: Scroll            |       |       |       |    14 ||    14
         Potion            |       |       |       |     4 ||     4
   Stab: Sleeping          |     1 |     4 |     4 |    15 ||    24
         Distracted        |       |       |       |     1 ||     1
 Armour: Robe              |       |       |       |     2 ||     2
  Dodge: Dodged            |       |       |       |    81 ||    81
